 Dungeon Crawl Stone Soup version 0.29-a0-878-g7b45a56547 (webtiles) character file.

Game seed: 9773124581980882155

155 27snakeeyes612 the Magician (level 5, 0/28 HPs)
             Began as a Deep Elf Air Elementalist on July 20, 2022.
             Slain by Edmund
             ... wielding a +2 flail of protection
              (11 damage)
             ... on level 4 of the Dungeon.
             The game lasted 00:02:47 (3406 turns).

27snakeeyes612 the Magician (DEAE)                  Turns: 3406, Time: 00:02:47

Health: 0/28       AC:  2    Str:  5    XL:     5   Next: 14%
Magic:  5/13       EV: 13    Int: 22    God:
Gold:   134        SH:  0    Dex: 15    Spells: 11/12 levels left

rFire   . . .      SeeInvis .   m - +2 whip (pain)
rCold   . . .      Faith    .   (no shield)
rNeg    . . .      Spirit   .   a - +0 robe
rPois   .          Reflect  .   (no helmet)
rElec   .          Harm     .   (no cloak)
rCorr   .          Rampage  .   (no gloves)
Will    .....                   (no boots)
Stlth   +++.......              (no amulet)
HPRegen 0.09/turn               i - ring of flight
MPRegen 0.13/turn               (no ring)

@: flying, very slightly contaminated
A: no striking features
a: no special abilities


You were on level 4 of the Dungeon.
You visited 1 branch of the dungeon, and saw 4 of its levels.

You collected 134 gold pieces.

Inventory:

Hand Weapons
 g - a +0 dagger of venom
 m - a +2 whip of pain (weapon)
Armour
 a - a +0 robe (worn)
Jewellery
 i - a ring of flight (left hand)
Scrolls
 e - a scroll of fog
 f - a scroll of teleportation {unknown}
 k - a scroll of immolation
 n - 2 scrolls of identify
 q - a scroll of magic mapping {unknown}
Potions
 b - a potion of magic
 c - 3 potions of haste
 d - a potion of mutation {unknown}
 h - 2 potions of berserk rage
 j - 3 potions of heal wounds {unknown}
 l - 2 potions of curing {unknown}
 o - a potion of attraction {unknown}
 p - a potion of flight {unknown}


   Skills:
 + Level 3.5 Dodging
 + Level 3.8 Stealth
 + Level 4.2 Spellcasting
 + Level 2.5 Conjurations
 + Level 3.7 Air Magic


You had 11 spell levels left.
You knew the following spells:

 Your Spells              Type           Power      Damage    Failure   Level
a - Shock                 Conj/Air       72%        1d7       3%          1

Your spell library contained the following spells:

 Spells                   Type           Power      Damage    Failure   Level
 Static Discharge         Conj/Air       18%        3-6/arc   4%          2
 Swiftness                Air            21%        N/A       7%          3
 Ensorcelled Hibernation  Hex/Ice        8%         N/A       17%         2
 Passwall                 Tmut/Erth      3%         N/A       17%         2
 Airstrike                Air            10%        0-4+      24%         4
 Frozen Ramparts          Ice            8%         1d2       32%         3
 Ice Form                 Ice/Tmut       4%         N/A       73%         4
 Summon Ice Beast         Ice/Summ       4%         N/A       73%         4


Dungeon Overview and Level Annotations

Branches:
Dungeon (4/15)
 Temple: D:4-7

Altars:
Yredelemnul

Annotations:
D:4 Edmund


Message History

Magic restored.
q - a scroll labelled ROLIF HAAW Edmund the Younger comes into view.
He is wielding a +2 flail of protection.
Edmund is nearby!
The zap hits Edmund.
Edmund is lightly wounded.
Edmund shouts!
The zap hits Edmund.
Edmund is lightly wounded.
The zap hits Edmund but does no damage.
Edmund is lightly wounded.
The zap hits Edmund.
Edmund is lightly wounded.
The zap hits Edmund.
Edmund is lightly wounded.
The zap hits Edmund.
Edmund is moderately wounded.
That beam is likely to hit you.
Continue anyway?
Okay, then.
The zap hits Edmund.
Edmund is moderately wounded.
The zap misses Edmund.
Edmund hits you with a +2 flail of protection!
The zap hits Edmund but does no damage.
Edmund is moderately wounded.
The zap misses Edmund.
Edmund barely misses you.
The zap hits Edmund.
Edmund is heavily wounded.
The zap hits Edmund but does no damage.
Edmund is heavily wounded.
Edmund hits you with a +2 flail of protection.
You are too injured to fight recklessly!
Aiming: Shock (safe; 3% risk of failure)
Press: ? - help, Q - select action Shift-Dir - straight line, f/p - Edmund
Aim: Edmund, wielding a +2 flail of protection and wearing a +0 leather armour (heavily wounded, 71% to hit)
You miscast Shock.
You are very lightly contaminated with residual magic.
Nothing appears to happen.
Edmund hits you with a +2 flail of protection!
You die...

################
.................
#.........#
#........@#
#........@##
.#..........##
.............#
#............#
#........>..#
#.....<.....#
#############


You could see Edmund.

Vanquished Creatures
  3 gnolls
  5 adders
  3 worms
  3 dart slugs
  5 endoplasms
  2 giant cockroaches
  4 goblins
  5 hobgoblins
  4 jackals (D:3)
  3 quokkas (D:1)
  7 ball pythons
  8 bats
  4 frilled lizards
  6 kobolds
  8 rats
70 creatures vanquished.

Notes
Turn   | Place    | Note
-------+----------+-------------------------------------------
     0 | D:1      | 27snakeeyes612 the Deep Elf Air Elementalist began the
                  | quest for the Orb.
     0 | D:1      | Reached XP level 1. HP: 10/10 MP: 6/6
   309 | D:1      | Reached XP level 2. HP: 15/15 MP: 0/8
  1008 | D:1      | Reached XP level 3. HP: 19/19 MP: 4/9
  1724 | D:2      | Found a faded altar of an unknown god.
  1799 | D:2      | Reached XP level 4. HP: 24/24 MP: 6/11
  2511 | D:3      | Reached skill level 4 in Spellcasting
  2769 | D:3      | Found a basalt altar of Yredelemnul.
  2858 | D:3      | Reached XP level 5. HP: 28/28 MP: 5/13
  3395 | D:4      | Noticed Edmund
  3406 | D:4      | Slain by Edmund

Illustrated notes

Levels and vault maps discovered:
D:1:      evilmike_arrival_fibonacci_small, layout_basic
D:2:      layout_loops_ring, chequers_ecumenical_altar_twisty
D:3:      layout_rooms, lemuel_doored_altar, nicolae_overflow_hidden_temple,
          st_stairs_8
D:4:      minmay_razor_zed, layout_rooms, minmay_temple_entry_junction,
          serial_shops, shop, uniq_edmund, uniq_ijyb, uniq_robin

Skill      XL: |  1  2  3  4 |
---------------+-------------+-----
Stealth        | 3 |  3.8
Dodging        | 3 |  3.5
Conjurations   | 2 |  2.5
Spellcasting   | 4 |  4.2
Air Magic      | |  3.7

Action                   |  1- 3 |  4- 6 || total
-------------------------+-------+-------++-------
Melee: Unarmed           |     2 |       ||     2
       Dagger            |       |     2 ||     2
 Cast: Shock             |    82 |    97 ||   179
  Use: Scroll            |       |     6 ||     6
Armor: Robe              |     6 |     3 ||     9
Dodge: Dodged            |    16 |    20 ||    36

Table legend: (Time is in decaauts)
 A = Elapsed time spent in this place.
 B = Non-inter-level travel time spent in this place.
 C = Inter-level travel time spent in this place.
 D = Time resting spent in this place.
 E = Time spent auto-exploring this place.
 F = Levels seen in this place.
 G = Mean time per level.
                   A        B        C        D        E       F      G
               +--------+--------+--------+--------+--------+-----+--------+
         Total |   3408 |   3363 |     45 |    310 |   2666 |   4 |  852.0 |
       Dungeon |   3408 |   3363 |     45 |    310 |   2666 |   4 |  852.0 |
               +--------+--------+--------+--------+--------+-----+--------+

Top non-repeatable levels by time:
     D:1: 1319 daAuts
     D:2: 1123 daAuts
     D:3: 932 daAuts
     D:4: 33 daAuts
